 Dungeon Crawl Stone Soup version 0.29.1-15-g9cfb28693d (webtiles) character file.

Game seed: 13069206872184548063

222 JeLyseng the Chopper (level 5, -2/53 HPs)
             Began as a Troll Fighter on Mar 25, 2023.
             Was an Initiate of Ashenzari.
             Succumbed to a water moccasin's poison
             ... on level 4 of the Dungeon.
             The game lasted 00:34:42 (3205 turns).

JeLyseng the Chopper (Troll Fighter)                Turns: 3205, Time: 00:34:42

Health: -2/53      AC:  4    Str: 26    XL:     5   Next: 66%
Magic:  4/4        EV:  8    Int:  4    God:    Ashenzari [......]
Gold:   105        SH:  7    Dex:  9    Spells: 4/4 levels left

rFire   . . .      SeeInvis .   a - +0 war axe
rCold   . . .      Faith    .   c - +0 kite shield
rNeg    . . .      Spirit   .   b - +0 robe
rPois   .          Reflect  .   (helmet restricted)
rElec   .          Harm     .   (no cloak)
rCorr   +          Rampage  .   (gloves unavailable)
Will    .....                   (boots unavailable)
Stlth   +.........              (no amulet)
HPRegen 0.97/turn               u - ring of resist corrosion
MPRegen 0.09/turn               (no ring)

@: brilliant, lethally poisoned (-2 -> -30)
A: large, unfitting armour, claws 3, regeneration 1, shaggy fur 1, tough skin 1
a: Renounce Religion, Curse Item


You were on level 4 of the Dungeon.
You worshipped Ashenzari.
Ashenzari was noncommittal.
You visited 1 branch of the dungeon, and saw 4 of its levels.

You collected 105 gold pieces.

Inventory:

Hand Weapons
 a - a +0 war axe (weapon)
 w - a +2 vampiric dagger
Missiles
 f - 48 stones (quivered)
 i - 2 javelins
 s - 3 atropa-tipped darts
Armour
 b - a +0 robe (worn)
 c - a +0 kite shield (worn)
 q - a +2 barding
Jewellery
 u - a ring of resist corrosion (left claw)
Wands
 m - a wand of light (8)
Scrolls
 e - 2 scrolls of enchant armour {unknown}
 g - 4 scrolls of identify {unknown}
 n - a scroll of magic mapping {unknown}
 o - a scroll of fog {unknown}
 r - a scroll of amnesia {unknown}
 t - a scroll of blinking {unknown}
 x - a scroll of torment {unknown}
Potions
 d - 2 potions of might
 h - a potion of brilliance
 j - a potion of resistance {unknown}
 k - a potion of haste {unknown}
 l - a potion of invisibility {unknown}
 p - a potion of curing {unknown}
 v - a potion of attraction {unknown}
 z - 2 potions of lignification {unknown}


   Skills:
 + Level 3.1 Fighting
 + Level 3.6 Axes
 + Level 3.0 Dodging
 + Level 0.2 Stealth
 + Level 3.2 Shields


You had 4 spell levels left.
You didn't know any spells.
Your spell library contained the following spells:

 Spells                   Type           Power      Damage    Failure   Level
 Blink                    Tloc           0%         N/A       90%         2
 Stone Arrow              Conj/Erth      0%         3d7       99%         3
 Animate Armour           Summ/Erth      0%         N/A       100%        4
 Manifold Assault         Tloc           0%         N/A       100%        5
 Storm Form               Tmut/Air       0%         N/A       100%        7
 Lehudib's Crystal Spear  Conj/Erth      0%         10d2      100%        8


Dungeon Overview and Level Annotations

Branches:
Dungeon (4/15)
 Temple: D:4-7

Altars:
Ashenzari


Innate Abilities, Weirdness & Mutations

You are too large for most types of armour.
You have claws for hands.
Your natural rate of healing is unusually fast.
You are covered in fur. (AC +1)
You have tough skin. (AC +1)


Message History

An ogre comes into view. It is wielding a +0 giant spiked club.
The ogre shouts!
The water moccasin bites you! You block the water moccasin's attack.
You miss the water moccasin. You block the water moccasin's attack.
The water moccasin barely misses you.
You barely miss the water moccasin. The water moccasin bites you.
The water moccasin barely misses you.
You miss the water moccasin. The water moccasin bites you!
The water moccasin bites you but does no damage.
You barely miss the water moccasin. The water moccasin closely misses you.
The water moccasin bites you.
You barely miss the water moccasin.
The water moccasin bites you but does no damage.
The water moccasin bites you.
You are poisoned.
The water moccasin poisons you!
You hit the water moccasin but do no damage.
You feel very sick. The water moccasin bites you.
The water moccasin closely misses you.
You barely miss the water moccasin.
You feel very sick. The water moccasin barely misses you.
The water moccasin bites you!
You are more poisoned.
The water moccasin poisons you!
You miss the water moccasin.
You feel extremely sick. The water moccasin closely misses you.
You block the water moccasin's attack.
You hit the water moccasin but do no damage.
You feel very sick. The water moccasin bites you.
* * * LOW HITPOINT WARNING * * *
You are lethally poisoned!
The water moccasin poisons you! The water moccasin bites you.
* * * LOW HITPOINT WARNING * * *
You are more poisoned.
The water moccasin poisons you!
It was a potion of brilliance.
You feel clever all of a sudden.
You die...

............#
.##.#.#.#.### #.........
.########## #......!..
..### #......... ....#
#......... .##)##
#.....[... .##..#########
.........
###..........#####........
##............@SO......#
#..#############........
##..# ########. ##...##
......## ...#...##
.####...## ## #....#
##....#


You could see a water moccasin and an ogre.

Vanquished Creatures
  A phantom (D:4)
  A hound (D:4)
  An orc priest (D:3)
  An adder (D:3)
  A worm (D:2)
  3 dart slugs
  8 orcs
  7 endoplasms
  A giant cockroach (D:2)
  6 goblins
  6 hobgoblins
  7 jackals
  4 quokkas
  4 ball pythons
  A bat (D:2)
  2 frilled lizards
  4 kobolds
  6 rats
64 creatures vanquished.

Notes
Turn   | Place    | Note
-------+----------+-------------------------------------------
     0 | D:1      | JeLyseng the Troll Fighter began the quest for the Orb.
     0 | D:1      | Reached XP level 1. HP: 22/22 MP: 0/0
   383 | D:1      | Reached XP level 2. HP: 27/29 MP: 1/1
   413 | D:1      | Found a faded altar of an unknown god.
  1291 | D:2      | Reached XP level 3. HP: 36/36 MP: 2/2
  1941 | D:3      | Found a broken altar of Ashenzari.
  1982 | D:3      | Became a worshipper of Ashenzari the Shackled
  2337 | D:3      | Reached XP level 4. HP: 44/44 MP: 3/3
  2893 | D:4      | Reached XP level 5. HP: 53/53 MP: 4/4
  3149 | D:4      | Noticed a phantom
  3165 | D:4      | Killed a phantom
  3190 | D:4      | Noticed a water moccasin
  3192 | D:4      | Noticed an ogre
  3205 | D:4      | Succumbed to a water moccasin's poison

Illustrated notes

Levels and vault maps discovered:
D:1:      spicycebolla_arrival_transporter_tutorial, layout_loops_ring,
          dreamdust_ecumenical_altar_statues
D:2:      layout_rooms
D:3:      layout_basic, mainiacjoe_overflow_brackets
D:4:      layout_cave_pods, grunt_ministairs_9, minmay_misc_feat_hallway,
          uniq_pikel

Skill      XL: |  1  2  3  4  5 |
---------------+----------------+-----
Axes           | 2 3 |  3.6
Shields        | 3 |  3.2
Fighting       | 3 |  3.1
Dodging        | 3 |  3.0
Stealth        | |  0.2

Action                   |  1- 3 |  4- 6 || total
-------------------------+-------+-------++-------
Melee: War axe           |   119 |    60 ||   179
  Use: Potion            |       |     1 ||     1
Armor: Robe              |    34 |    17 ||    51
Dodge: Dodged            |    52 |    22 ||    74
Block: Kite shield       |    48 |    16 ||    64
